 Dungeon Crawl Stone Soup version bcrawl-1.13.1 (webtiles) character file.

Game seed: 11870952151079263745

40 Revguard the Ducker (level 3, -3/26 HPs)
             Began as a Demonspawn Archaeologist on Aug 3, 2019.
             Slain by a gnoll
             ... wielding a +0 spear
              (6 damage)
             ... on level 2 of the Dungeon.
             The game lasted 00:03:13 (1047 turns).

Revguard the Ducker (Demonspawn Archaeologist)      Turns: 1047, Time: 00:03:14

Health: -3/26      AC:  8    Str: 12      XL:     3   Next: 30%
Magic:  3/3        EV: 11    Int: 13 (15) God:
Gold:   103        SH:  0    Dex:  9 (11) Spells: 2/2 levels left

rFire    . . .     SeeInvis .   a - +0 whip
rCold    . . .     Gourm    .   (no shield)
rNeg     . . .     Faith    .   c - +0 ring mail
rPois    .         Spirit   .   o - +1 hat
rElec    .         Reflect  .   (no cloak)
rCorr    .         Harm     .   (no gloves)
MR       .....                  d - +1 pair of boots
Stlth    +.........             n - amulet of rage
HPRegen  0.08/turn              (no ring)
MPRegen  0.08/turn              (no ring)

@: berserk cooldown, slowed, studying Armour, very slow
A: spiny 1
a: Evoke Berserk Rage


You were on level 2 of the Dungeon.
You were hungry.

You visited 1 branch of the dungeon, and saw 2 of its levels.

You collected 103 gold pieces.

Inventory:

Hand Weapons
 a - a +0 whip (weapon)
Armour
 c - a +0 ring mail (worn)
 d - a +1 pair of boots (worn)
 o - a +1 hat (worn)
Jewellery
 n - an amulet of rage (around neck)
Scrolls
 j - 2 scrolls of magic mapping
Books
 e - a manual of Armour
Miscellaneous
 f - an ancient crate
Comestibles
 g - 2 rations {!d}
 h - 5 chunks of flesh


   Skills:
 + Level 1.1 Fighting
 + Level 1.1 Maces & Flails
 * Level 0.8 Armour
 + Level 3.3 Dodging
 - Level 3.2 Stealth
 * Level 0.7 Evocations


You had 2 spell levels left.
You didn't know any spells.
Your spell library was empty.

Dungeon Overview and Level Annotations

Branches:
Dungeon (2/12)

Altars:


Innate Abilities, Weirdness & Mutations

You are partially covered in sharp spines.


Message History

You miss the quokka. The ooze is struck by your spines.
The ooze closely misses you. The quokka barely misses you.
The gnoll hits you but does no damage. The kobold is struck by your spines.
You kill the kobold!
The ooze is struck by your spines. The ooze misses you. The quokka bites you.
* * * LOW HITPOINT WARNING * * *
The gnoll hits you but does no damage.
Your ring mail prevents you from hitting the quokka.
The quokka is struck by your spines.
The quokka bites you but does no damage.
The ooze hits you but does no damage.
The gnoll hits you from afar with a +0 spear.
* * * LOW HITPOINT WARNING * * *
The kobold barely misses you.
The quokka bites you but does no damage.
You closely miss the quokka.
The quokka is moderately wounded.
The ooze is struck by your spines. The ooze hits you but does no damage.
The gnoll hits you from afar with a +0 spear.
You die...

########## #.........
#.........# ##
#..#####..# .
#..#?!?#..# .#
#..#??%#..# #####.#####
#..#?)?#..###g.Jr......
#..#####.g.gggK@#
#........gg##...#
#..........######
#.########## #)# #.#
### ##.# ##.##
...#####.#.##
......gg....##


You could see 7 gnolls, an ooze, a quokka and a kobold.

Vanquished Creatures
  A gnoll (D:2)
  A worm (D:1)
  A leopard gecko (D:1)
  An orc (D:2)
  2 bats
  4 goblins
  A hobgoblin (D:1)
  6 jackals
  A ball python (D:1)
  4 kobolds
  3 rats (D:1)
25 creatures vanquished.

Notes
Turn   | Place    | Note
-------+----------+-------------------------------------------
     0 | D:1      | Revguard the Demonspawn Archaeologist began the quest for
                  | the Orb.
     0 | D:1      | Reached XP level 1. HP: 15/15 MP: 1/1
   329 | D:1      | Gained mutation: You are partially covered in sharp spines.
                  | [demonic ancestry]
   329 | D:1      | Reached XP level 2. HP: 17/21 MP: 2/2
   567 | D:1      | Reached skill level 1 in Maces & Flails
   974 | D:2      | Reached XP level 3. HP: 26/26 MP: 3/3
  1047 | D:2      | Slain by a gnoll

Skill      XL: |  1  2 |
---------------+-------+-----
Dodging        | 3 |  3.3
Maces & Flails | 1 |  1.1
Fighting       | |  1.1
Armour         | |  0.8
Stealth        | |  3.2
Evocations     | |  0.7

Action                   || total
-------------------------++-------
Melee: Whip              ||    64
 Abil: Evoke Berserk Rag ||     3
  Use: Scroll            ||     4
       Potion            ||     3
 Stab: Sleeping          ||     3
  Eat: Chunk             ||     2
Armor: Robe              ||    18
       Ring mail         ||    22
Dodge: Dodged            ||    73
